 Dungeon Crawl Stone Soup version 0.28-a0-1114-g8eb0198dcf (webtiles) character file.

Game seed: 13128313774741080848

52 ChaosChampion the Insei (level 3, -1/23 HPs)
             Began as an Octopode Transmuter on Dec 11, 2021.
             Was a Plaything of Xom.
             Slain by Ijyb (6 damage)
             ... on level 2 of the Dungeon.
             The game lasted 00:04:49 (2125 turns).

ChaosChampion the Insei (Octopode Transmuter)       Turns: 2125, Time: 00:04:50

Health: -1/23      AC:  1    Str:  9    XL:     3   Next: 85%
Magic:  3/6        EV: 13    Int: 17    God:    Xom [....*.]
Gold:   85         SH:  0    Dex: 12    Spells: 3/6 levels left

rFire   . . .      SeeInvis .     - Unarmed
rCold   . . .      Faith    .   (no shield)
rNeg    . . .      Spirit   .   (helmet currently unavailable)
rPois   .          Reflect  .   (no amulet)
rElec   .          Harm     .   (no ring)
rCorr   .          Rampage  .   (no ring)
Will    .....                   (no ring)
Stlth   ++........              (no ring)
HPRegen 0.07/turn               (no ring)
MPRegen 0.10/turn               (no ring)
                                (no ring)
                                (no ring)

@: appendages (expiring)
A: tentacle spike 3, almost no armour, amphibious, 8 rings, camouflage 1,
gelatinous body 1, (nimble swimmer 1), tentacles
a: End Transformation, Renounce Religion


You were on level 2 of the Dungeon.
You worshipped Xom.
You were a beloved toy of Xom.
One of your tentacles had grown a beastly spike.
You visited 1 branch of the dungeon, and saw 3 of its levels.

You collected 85 gold pieces.

Inventory:

Hand Weapons
 c - a +2 mace of chaos
Scrolls
 a - a scroll of fear {unknown}
 b - a scroll of enchant armour {unknown}
 d - a scroll of amnesia {unknown}
Potions
 e - a potion of curing {unknown}


   Skills:
 - Level 1.0 Fighting
 - Level 2.0 Dodging
 * Level 4.6 Unarmed Combat
 - Level 2.0 Spellcasting
 - Level 2.0 Transmutations


You had 3 spell levels left.
You knew the following spells:

 Your Spells              Type           Power      Damage    Failure   Level
a - Beastly Appendage     Tmut           16%        N/A       9%          1
b - Wereblood             Tmut           8%         N/A       13%         2

Your spell library contained the following spells:

 Spells                   Type           Power      Damage    Failure   Level
 Static Discharge         Conj/Air       1%         N/A       28%         2
 Sublimation of Blood     Necr           1%         N/A       28%         2
 Spider Form              Tmut/Pois      5%         N/A       36%         3
 Ice Form                 Ice/Tmut       5%         N/A       77%         4
 Petrify                  Tmut/Erth      5%         N/A       77%         4
 Irradiate                Conj/Tmut      2%         3d14      98%         5
 Lightning Bolt           Conj/Air       0%         1d11      99%         5
 Maxwell's Capacitive Co  Air            0%         ∞         100%        8


Dungeon Overview and Level Annotations

Branches:
Dungeon (3/15)

Altars:
Xom

Annotations:
D:2 Ijyb


Innate Abilities, Weirdness & Mutations

One of your tentacles has grown a beastly spike.
You cannot wear most types of armour.
You are amphibious.
You can wear up to eight rings at the same time.
Your skin changes colour to match your surroundings (Stealth+).
Your rubbery body absorbs attacks. (AC +1, EV +1)
((You are camouflaged near water. (Stealth+)))
You have tentacles for arms and can constrict up to eight enemies at once.


Message History

You miscast Wereblood.
You are very lightly contaminated with residual magic.
Nothing appears to happen.
The goblin shoots a stone.
The stone hits you.
Your primal bloodlust has ended.
The goblin unwields a +0 hunting sling.
The goblin wields a +0 club.
The goblin closely misses you.
Items here: ( )))) ††.
You closely miss the goblin. You grab the goblin. You constrict the goblin.
The goblin escapes!
You tentacle-slap the goblin.
You kill the goblin!
Ijyb screams, "I dance on your bones!"
You barely miss Ijyb. You grab Ijyb.
Your tentacle spike misses Ijyb.
You constrict Ijyb, but do no damage.
Ijyb screams, "It's all mine!"
Ijyb hits you with a +0 dagger.
You barely miss Ijyb. You constrict Ijyb, but do no damage.
Ijyb barely misses you.
You tentacle-slap Ijyb but do no damage.
You constrict Ijyb, but do no damage. Ijyb hits you with a +0 dagger.
* * * LOW HITPOINT WARNING * * *
You tentacle-slap Ijyb but do no damage.
You squeeze Ijyb, but do no damage. You constrict Ijyb.
Ijyb struggles to escape constriction.
Your magical contamination has completely faded away.
You tentacle-slap Ijyb.
Ijyb is lightly wounded.
You constrict Ijyb. Ijyb closely misses you.
You tentacle-slap Ijyb but do no damage.
You squeeze Ijyb.
Ijyb is moderately wounded.
You constrict Ijyb, but do no damage.
You tentacle-slap Ijyb but do no damage.
Ijyb is moderately wounded.
Your transformation is almost over.
You constrict Ijyb. Ijyb screams, "I no like you!"
Ijyb hits you with a +0 dagger.
You die...

...####### #.####.......###..###
.........# #)# #(..(...##...###
.....<.#.####)####.......##......
.........................##...##.
###....#.#.#...#.#.......####.##.
# ##.###.#.#...#.#...)...# #....
##....#.#...#.#.......# ##.#<
#.####.#.#.#.######### #.## ##.#
#.#.#.#@# #.# # ##.## #...g.g)#
#.# ###)## ##...#### #.# ....#
###...### #.# ..#.#
#.......######### #.# ###.#
#......g......... ..# ....#
#.............# ### ....#
###...#.......# ##.######
#...#8.gg..8#


You could see Ijyb and a goblin.

Vanquished Creatures
  An adder (D:2)
  A dart slug (D:1)
  4 ball pythons (D:1)
  An endoplasm (D:1)
  A giant cockroach (D:1)
  6 hobgoblins
  2 jackals (D:2)
  4 kobolds
  3 quokkas
  4 bats
  A frilled lizard (D:2)
  6 goblins
  4 rats
38 creatures vanquished.

Vanquished Creatures (others)
  2 plants (D:1)
  2 withered plants (D:1)
4 creatures vanquished.

Grand Total: 42 creatures vanquished

Notes
Turn   | Place    | Note
-------+----------+-------------------------------------------
     0 | D:1      | ChaosChampion the Octopode Transmuter began the quest for
                  | the Orb.
     0 | D:1      | Reached XP level 1. HP: 13/13 MP: 3/3
   374 | D:1      | Reached XP level 2. HP: 18/18 MP: 3/5
   377 | D:1      | Learned a level 2 spell: Wereblood
   551 | D:1      | Found a faded altar of an unknown god.
   694 | D:1      | Prayed at the altar of an unknown god.
   694 | D:1      | Became a worshipper of Xom the Elder Chaos God
   769 | D:1      | XOM: divination: magic mapping
  1009 | D:1      | Reached skill level 4 in Unarmed Combat
  1193 | D:1      | XOM: silly message
  1276 | D:2      | Reached XP level 3. HP: 18/23 MP: 4/6
  1345 | D:2      | XOM: silly message
  1419 | D:2      | XOM: scenery: create altars
  1676 | D:2      | XOM: god gift: runed mace {god gift}
  1779 | D:2      | XOM: smoke on damage
  2093 | D:2      | Noticed Ijyb
  2125 | D:2      | Slain by Ijyb

Illustrated notes

Levels and vault maps discovered:
D:1:      nzn_arrival_settlement, layout_loops_ring,
          shapermc_ecumenical_altar_flowoftime
D:2:      kennysheep_the_goblin_king, layout_loops_cross, minmay_misc_feat_iff
D:3:      cheibrodos_greedy_goblins, layout_rooms,
          nicolae_uskayaw_murder_on_the_dancefloor, led_sif_pool, nrook_campfire

Skill      XL: |  1  2 |
---------------+-------+-----
Unarmed Combat | 4 |  4.6
Fighting       | |  1.0
Dodging        | |  2.0
Spellcasting   | |  2.0
Transmutations | |  2.0

Action                   || total
-------------------------++-------
Melee: Unarmed           ||    98
       Constrict         ||    29
       Kick              ||    12
       Tentacles         ||    15
       Punch             ||     4
 Cast: Beastly Appendage ||    19
       Wereblood         ||     9
 Stab: Sleeping          ||     2
Armor: Skin              ||     7
Dodge: Dodged            ||    54

Table legend: (Time is in decaauts)
 A = Elapsed time spent in this place.
 B = Non-inter-level travel time spent in this place.
 C = Inter-level travel time spent in this place.
 D = Time resting spent in this place.
 E = Time spent auto-exploring this place.
 F = Levels seen in this place.
 G = Mean time per level.
                   A        B        C        D        E       F      G
               +--------+--------+--------+--------+--------+-----+--------+
         Total |   2118 |   2115 |      3 |    246 |   1424 |   3 |  706.0 |
       Dungeon |   2118 |   2115 |      3 |    246 |   1424 |   3 |  706.0 |
               +--------+--------+--------+--------+--------+-----+--------+

Top non-repeatable levels by time:
     D:1: 1245 daAuts
     D:2: 870 daAuts
     D:3: 1 daAuts
